 Dungeon Crawl Stone Soup version 0.27-a0-1191-g601b473118 (webtiles) character file.

Game seed: 14622019920781152012

27 st0uf the Skirmisher (level 2, -1/27 HPs)
             Began as a Minotaur Fighter on May 23, 2021.
             Slain by Sigmund
             ... wielding a +0 scythe
              (7 damage)
             ... on level 2 of the Dungeon.
             The game lasted 00:01:10 (866 turns).

st0uf the Skirmisher (Minotaur Fighter)              Turns: 866, Time: 00:01:10

Health: -1/27      AC:  7    Str: 20    XL:     2   Next: 93%
Magic:  1/1        EV:  7    Int:  5    God:
Gold:   39         SH:  0    Dex:  9    Spells: 1/1 levels left

rFire    . . .     SeeInvis .   a - +0 long sword
rCold    . . .     Faith    .   c - +0 kite shield
rNeg     . . .     Spirit   .   b - +0 scale mail
rPois    .         Reflect  .   (helmet restricted)
rElec    .         Harm     .   (no cloak)
rCorr    .         Rampage  .   (no gloves)
Will     .....                  (no boots)
Stlth    ..........             (no amulet)
HPRegen  0.09/turn              (no ring)
MPRegen  0.07/turn              (no ring)

@: confused, attractive, hasted, very quick
A: horns 2, retaliatory headbutt
a: no special abilities


You were on level 2 of the Dungeon.
You visited 1 branch of the dungeon, and saw 2 of its levels.

You collected 39 gold pieces.

Inventory:

Hand Weapons
 a - a +0 long sword (weapon)
Armour
 b - a +0 scale mail (worn)
 c - a +0 kite shield (worn)
Scrolls
 g - a scroll of enchant armour {unknown}
 i - a scroll of teleportation {unknown}
 j - a scroll of identify {unknown}
Potions
 d - a potion of might
 h - a potion of mutation {unknown}
 k - a potion of curing {unknown}


   Skills:
 + Level 4.0 Fighting
 + Level 3.0 Long Blades
 + Level 3.8 Armour
 + Level 0.7 Dodging
 + Level 4.0 Shields


You had one spell level left.
You didn't know any spells.
Your spell library was empty.

Dungeon Overview and Level Annotations

Branches:
Dungeon (2/15)

Altars:

Annotations:
D:2 Sigmund


Innate Abilities, Weirdness & Mutations

You have a pair of horns on your head.
You reflexively headbutt those who attack you in melee.


Message History

Sigmund gestures at you while chanting. The puff of flame hits you.
A rat comes into view.
You hit Sigmund but do no damage. You headbutt Sigmund, but do no damage.
You block Sigmund's attack. Sigmund barely misses you.
You slash Sigmund!
Sigmund is moderately wounded.
You block Sigmund's attack.
You hit Sigmund.
Sigmund is moderately wounded.
Sigmund hits you with a +0 scythe. x2
You closely miss Sigmund. You headbutt Sigmund.
Sigmund is heavily wounded.
The frilled lizard barely misses you.
You riposte.
You hit the frilled lizard.
You kill the frilled lizard!
Sigmund barely misses you.
You hit Sigmund.
Sigmund is severely wounded.
Sigmund casts a spell at you.
You are confused.
The rat bites you but does no damage.
Unknown command.
You miss Sigmund. Your headbutt misses Sigmund.
Sigmund is severely wounded.
Sigmund barely misses you. The rat bites you but does no damage.
Sigmund hits you with a +0 scythe.
* * * LOW HITPOINT WARNING * * *
Unknown command.
The rat bites you but does no damage. Sigmund casts a spell at you.
You are more confused.
Found a metallic sapphire potion.
Unknown command.
It was a potion of haste.
You feel yourself speed up. The rat barely misses you.
Sigmund closely misses you.
It was a potion of attraction.
You feel attractive to monsters. The rat bites you but does no damage.
Sigmund hits you from afar with a +0 scythe!
You die...

#........ #.....8... ..
#...8...8# #(#
#......... #.#
#......... ..
##.###........#
#.##......@....... ..
...###.†......# .>.[
#.###.#..r@....... ....
#.#.....##........ ....
#.#.#.####..8...8# ....
#...#.# #....8... ....
##.†..####........
....###...†............!
........##...###.......#
#####....###.###......#.
...###.#.# #..# ....


You could see Sigmund and a rat.

Vanquished Creatures
  A worm (D:2)
  A dart slug (D:1)
  4 endoplasms
  A giant cockroach (D:1)
  A goblin (D:1)
  3 hobgoblins
  2 kobolds (D:1)
  2 ball pythons
  2 bats
  2 frilled lizards (D:2)
  2 rats (D:1)
21 creatures vanquished.

Notes
Turn   | Place    | Note
-------+----------+-------------------------------------------
     0 | D:1      | st0uf the Minotaur Fighter began the quest for the Orb.
     0 | D:1      | Reached XP level 1. HP: 19/19 MP: 0/0
   245 | D:1      | Reached XP level 2. HP: 24/27 MP: 1/1
   852 | D:2      | Noticed Sigmund
   866 | D:2      | Slain by Sigmund

Illustrated notes

Levels and vault maps discovered:
D:1:      saegor_arrival_simple_b, layout_loops_ring
D:2:      wad_pebble_path, layout_rooms, chequers_hall_statues_corner_a,
          minmay_bisected, uniq_sigmund

Skill      XL: |  1  2 |
---------------+-------+-----
Fighting       | 4 |  4.0
Long Blades    | 3 |  3.0
Shields        | 4 |  4.0
Armour         | |  3.8
Dodging        | |  0.7

Action                   || total
-------------------------++-------
Melee: Long sword        ||    45
       Headbutt          ||     7
  Use: Potion            ||     2
Armor: Scale mail        ||    30
Dodge: Dodged            ||    14
Block: Kite shield       ||    25
       Rpst.: Long sword ||     3

Table legend: (Time is in decaauts)
 A = Elapsed time spent in this place.
 B = Non-inter-level travel time spent in this place.
 C = Inter-level travel time spent in this place.
 D = Time resting spent in this place.
 E = Time spent auto-exploring this place.
 F = Levels seen in this place.
 G = Mean time per level.
                   A        B        C        D        E       F      G
               +--------+--------+--------+--------+--------+-----+--------+
         Total |    887 |    855 |     32 |      0 |    711 |   2 |  443.5 |
       Dungeon |    887 |    855 |     32 |      0 |    711 |   2 |  443.5 |
               +--------+--------+--------+--------+--------+-----+--------+

Top non-repeatable levels by time:
     D:1: 707 daAuts
     D:2: 180 daAuts
